 Dungeon Crawl Stone Soup version 0.19.1 (webtiles) character file.

16014 sveltemanboy the Severer (level 12, -15/91 HPs)
             Began as a Hill Orc Monk on Dec 12, 2016.
             Was the Champion of Beogh.
             Killed from afar by an ice statue (19 damage)
             ... with a shard of ice
             ... on level 2 of the Lair of Beasts.
             The game lasted 00:38:47 (15041 turns).

sveltemanboy the Severer (Hill Orc Monk)           Turns: 15041, Time: 00:38:48

Health: -15/91     AC: 14    Str: 19    XL:     12   Next: 33%
Magic:  0/20       EV: 11    Int: 10    God:    Beogh [******]
Gold:   930        SH:  0    Dex: 13    Spells: 0 memorised, 11 levels left

rFire  + . .     SeeInvis .     H - +1 battleaxe
rCold  . . .     Gourm    .     n - +0 scale mail
rNeg   + . .     Faith    +     (shield currently unavailable)
rPois  .         Spirit   +     r - +2 hat of the Bear Spirit {Spirit, +Rage rN+ MR++}
rElec  +         Reflect  .     (no cloak)
rCorr  .         Harm     .     z - +1 pair of gloves
MR     +++..                    b - +2 pair of boots
Stlth  ..........               l - amulet of faith
                                S - ring of protection from fire (curse)
                                D - ring of protection from magic

@: no status effects
A: walk on water, electricity resistance
a: Smiting, Recall Orcish Followers, Give Item to Named Follower, Resurrection,
Renounce Religion, Evoke Berserk Rage


You were on level 2 of the Lair of Beasts.
You worshipped Beogh.
Beogh was exalted by your worship.
You were not hungry.

You visited 2 branches of the dungeon, and saw 13 of its levels.
You also visited: Sewer.

You collected 930 gold pieces.

Inventory:

Hand Weapons
 H - a +1 battleaxe (weapon)
Missiles
 x - 3 throwing nets (quivered)
Armour
 b - a +2 pair of boots (worn)
 n - a +0 scale mail (worn)
 r - the +2 hat of the Bear Spirit (worn) {Spirit, +Rage rN+ MR++}
   (You found it on level 8 of the Dungeon)

   It protects you from negative energy.
   It affects your resistance to hostile enchantments.
   It lets you go berserk.
 z - a +1 pair of gloves (worn)
Jewellery
 l - an amulet of faith (around neck)
 D - a ring of protection from magic (left hand)
 L - an uncursed ring of positive energy
 S - a cursed ring of protection from fire (right hand)
Wands
 s - a wand of paralysis (11/24)
 w - a wand of confusion (0/48)
 B - a wand of disintegration (0/24)
 J - a wand of flame (24/48)
 O - a wand of iceblast (5/15)
Scrolls
 e - a scroll of enchant armour
 g - a scroll of fear
 p - a scroll of identify
 u - 8 scrolls of remove curse
 v - 3 scrolls of blinking
 y - 2 scrolls of fog
 G - 3 scrolls of amnesia
 I - 2 scrolls of enchant weapon
 K - a scroll of teleportation
 N - a scroll of silence {unknown}
 Q - a scroll of random uselessness {unknown}
Potions
 a - a potion of flight {unknown}
 h - a potion of invisibility {unknown}
 j - 2 potions of brilliance {unknown}
 k - 2 potions of resistance {unknown}
 m - a potion of magic
 o - a potion of cure mutation
 q - 2 potions of curing
 E - a potion of cancellation
 F - a potion of might
 M - a potion of haste {unknown}
Comestibles
 c - 7 bread rations
 d - 4 beef jerkies
 f - 5 chunks of flesh
 i - 8 meat rations
 t - 2 royal jellies
 A - 9 fruits
 C - a slice of pizza


   Skills:
 - Level 4.2 Fighting
 + Level 18.1 Axes
 + Level 5.4 Armour
 - Level 2.4 Dodging
 - Level 1.5 Stealth
 + Level 11.4 Invocations
 - Level 8.0 Evocations


You had 11 spell levels left.
You didn't know any spells.

Dungeon Overview and Level Annotations

Branches:
Dungeon (11/15)            Temple (0/1) D:7            Lair (2/6) D:9
    Orc (0/2) D:9
  Swamp: Lair:2-4    Shoals: Lair:2-4     Snake: Lair:2-4    Spider: Lair:2-4

Altars:
Ashenzari
Cheibriados
Dithmenos
Elyvilon
Gozag
Kikubaaqudgha
Makhleb
Okawaru
Ru
Sif Muna
Trog
Uskayaw
Vehumet

Shops:
D:10 [

Annotations:
Lair:2 exclusion: ice statue


Innate Abilities, Weirdness & Mutations

You can walk on water.
You are resistant to electric shocks. (rElec)


Message History

The ice beast hits you but does no damage.
You feel much better.
You are engulfed in freezing vapours.
* * * LOW HITPOINT WARNING * * *
The ice beast hits you but does no damage.
The ice statue gestures at you. The bolt of cold hits you!
* * * LOW HITPOINT WARNING * * *
The electric eel shoots out a bolt of lightning at you!
The bolt of electricity hits you! You resist.
* * * LOW HITPOINT WARNING * * *
The bolt of electricity hits you! You resist.
* * * LOW HITPOINT WARNING * * *
The bolt of electricity hits the electric eel.
The electric eel completely resists.
The ice beast barely misses you.
You feel much better.
You are engulfed in freezing vapours.
* * * LOW HITPOINT WARNING * * *
The ice beast closely misses you. The ice statue gestures at you.
The shard of ice hits you!
You die...

##### ###≈≈≈###
###≈≈≈≈≈≈≈###
##≈≈≈≈≈≈≈≈≈≈≈###
###≈≈≈≈≈###≈≈≈≈≈≈##
#8.Y≈≈### ##≈≈≈≈≈≈#
##@;≈## ####≈≈≈≈
#≈Y§≈# ##≈≈≈ ||}≈≈##
###≈ #=))≈## ##
###### # ##
####################≈
#..................≈.
#....................


You could see an ice statue, 2 ice beasts and an electric eel.

Vanquished Creatures
  An unseen horror (D:10)
  A cyclops (D:9)
  A rime drake (Lair:1)
  A troll (D:10)
  A two-headed ogre (D:5)
  3 hippogriffs
  A wyvern (D:11)
  7 yaks
  A basilisk (Lair:2)
  A hungry ghost (D:7)
  A steam dragon (D:11)
  Edmund (D:6)
  A water moccasin (Lair:1)
  Duvessa (D:3)
  A porcupine (Lair:1)
  Purgy (D:4)
  2 black bears
  A necrophage (D:10)
  4 phantoms
  2 orc warriors
  A sky beast (D:9)
  3 ogres
  3 centaurs
  A wolf (Lair:2)
  7 crocodiles
  2 big kobolds
  8 bullfrogs
  Dowan (D:3)
  3 scorpions
  4 killer bees (D:8)
  2 electric eels
  A howler monkey (D:4)
  A centaur zombie (D:7)
  A bullfrog zombie (D:11)
  2 crimson imps
  5 hounds
  An orc priest (D:7)
  2 bullfrog skeletons
  3 centaur skeletons
  3 iguanas
  Natasha (thrice) (D:2 D:4)
  6 orc wizards
  10 worker ants
  12 gnolls
  6 adders
  5 river rats
  2 shadow imps
  An adder zombie (D:8)
  5 worms
  A dart slug (D:3)
  10 leopard geckos
  17 orcs
  14 giant cockroaches
  8 goblins
  7 hobgoblins
  5 jackals
  24 kobolds
  9 quokkas
  9 ball pythons
  18 bats
  8 frilled lizards
  24 rats
  3 fungi (D:9)
  A plant (D:9)
295 creatures vanquished.

Vanquished Creatures (collateral kills)
  The ghost of SeriousVitamin the Transmogrifier, a journeyman TrTm of Okawaru (D:9)
  A hydra (Lair:1)
  The ghost of Mefis the Thaumaturge, a journeyman DEWz of Sif Muna (D:10)
  3 hill giants
  Psyche (D:8)
  A spiny frog (Lair:1)
  A komodo dragon (Lair:1)
  A merfolk (D:9)
  A troll (D:9)
  3 polar bears (Lair:1)
  3 blink frogs (Lair:2)
  A two-headed ogre (D:11)
  2 hippogriffs
  A shadow (D:11)
  16 yaks
  2 hungry ghosts
  A warg (D:9)
  3 water moccasins
  An orc warrior (D:9)
  6 black bears
  A phantom (D:10)
  A sky beast (D:11)
  5 wolves (Lair:2)
  4 ogres
  A centaur (D:10)
  A crocodile (Lair:1)
  2 big kobolds
  4 bullfrogs
  A gnoll sergeant (D:9)
  A water moccasin zombie (D:8)
  3 killer bees (D:8)
  2 howler monkeys
  4 wights (D:11)
  2 crimson imps
  3 quasits
  A hound (D:10)
  An orc priest (D:9)
  2 jellies
  4 orc wizards
  A bullfrog skeleton (D:9)
  5 worker ants
  A worker ant zombie (D:11)
  3 gnolls
  3 adders
  A shadow imp (D:9)
  An adder zombie (D:9)
  A leopard gecko (D:9)
  3 bats (D:9)
  3 kobolds
  3 rats (D:9)
  3 fungi
  3 plants (D:9)
124 creatures vanquished.

Vanquished Creatures (others)
  A bullfrog (D:7)
  6 orc wizards
  8 orcs
  A plant (D:9)
16 creatures vanquished.

Grand Total: 435 creatures vanquished

Notes
Turn   | Place    | Note
-------+----------+-------------------------------------------
     0 | D:1      | sveltemanboy the Hill Orc Monk began the quest for the Orb.
     0 | D:1      | Reached XP level 1. HP: 19/19 MP: 1/1
   273 | D:1      | Reached skill level 1 in Armour
   273 | D:1      | Reached XP level 2. HP: 26/26 MP: 2/2
   743 | D:1      | Reached XP level 3. HP: 24/31 MP: 3/3
   746 | D:1      | Reached skill level 5 in Axes
  1700 | D:2      | Found a shadowy altar of Dithmenos.
  1733 | D:2      | Noticed Natasha
  1754 | D:2      | Killed Natasha
  1754 | D:2      | Reached XP level 4. HP: 11/39 MP: 4/4
  1935 | D:2      | Reached skill level 6 in Axes
  2595 | D:3      | Reached XP level 5. HP: 45/45 MP: 5/5
  2657 | D:3      | Found a bloodstained altar of Trog.
  3584 | D:4      | Noticed Duvessa
  3608 | D:4      | Noticed Dowan
  3615 | D:3      | Killed Duvessa
  3615 | D:3      | Reached skill level 8 in Axes
  3615 | D:3      | Reached XP level 6. HP: 37/51 MP: 6/6
  3632 | D:3      | Killed Dowan
  3928 | D:4      | Noticed Natasha
  3941 | D:4      | Killed Natasha
  4045 | D:4      | Reached skill level 9 in Axes
  4045 | D:4      | Reached XP level 7. HP: 55/57 MP: 7/7
  4068 | D:4      | Noticed Natasha
  4080 | D:4      | Killed Natasha
  4337 | D:4      | Noticed Purgy
  4347 | D:4      | Killed Purgy
  4354 | D:4      | Reached skill level 10 in Axes
  4433 | D:4      | Found a shadowy altar of Dithmenos.
  4616 | D:5      | Entered Level 5 of the Dungeon
  4620 | D:5      | Found a glowing drain.
  4643 | Sewer    | Entered a sewer
  4838 | Sewer    | Reached skill level 11 in Axes
  5250 | D:5      | Reached XP level 8. HP: 54/64 MP: 8/8
  5688 | D:5      | Found an iron altar of Okawaru.
  5820 | D:5      | Reached skill level 12 in Axes
  6156 | D:5      | Noticed a two-headed ogre
  6180 | D:5      | Killed a two-headed ogre
  6454 | D:5      | Reached skill level 13 in Axes
  6789 | D:6      | Noticed Edmund
  6805 | D:6      | Killed Edmund
  6805 | D:6      | Reached XP level 9. HP: 68/70 MP: 9/9
  6904 | D:6      | Reached skill level 14 in Axes
  7484 | D:6      | Reached skill level 1 in Evocations
  7739 | D:7      | Became a worshipper of Beogh the Brigand
  7739 | D:7      | Reached * piety under Beogh
  7739 | D:7      | Reached ** piety under Beogh
  8140 | D:7      | Reached skill level 1 in Invocations
  8212 | D:7      | Reached skill level 15 in Axes
  8305 | D:7      | Gained mutation: You are resistant to electric shocks. (rElec) [potion of mutation]
  8305 | D:7      | Gained mutation: You are covered in fur. (AC +1) [potion of mutation]
  8305 | D:7      | Lost mutation: You are covered in fur. (AC +1) [potion of mutation]
  8577 | D:7      | Reached *** piety under Beogh
  8642 | D:7      | Found a staircase to the Ecumenical Temple.
  8708 | D:7      | Found a deep blue altar of Sif Muna.
  8788 | D:8      | Found a sacrificial altar of Ru.
  8946 | D:8      | Reached XP level 10. HP: 15/77 MP: 13/13
  9237 | D:8      | Noticed Psyche
  9572 | D:8      | Found an ancient bone altar of Kikubaaqudgha.
  9802 | D:8      | Found a hide-covered altar of Uskayaw.
  9802 | D:8      | Found a white marble altar of Elyvilon.
  9803 | D:8      | Found an opulent altar of Gozag.
  9808 | D:8      | Killed Psyche
  9876 | D:8      | Found a radiant altar of Vehumet.
  9876 | D:8      | Found a burning altar of Makhleb.
  9877 | D:8      | Found a shattered altar of Ashenzari.
  9920 | D:8      | Reached skill level 5 in Invocations
  9966 | D:8      | Reached skill level 16 in Axes
 10143 | D:9      | Reached **** piety under Beogh
 10219 | D:9      | Reached skill level 5 in Evocations
 10344 | D:9      | Found a staircase to the Orcish Mines.
 10349 | D:9      | Gained Bogdan as an ally
 10449 | D:9      | Gained Dorog as an ally
 10455 | D:9      | Reached ***** piety under Beogh
 10501 | D:9      | Found a snail-covered altar of Cheibriados.
 10627 | D:9      | Noticed SeriousVitamin's ghost (journeyman TrTm)
 10650 | D:9      | Killed SeriousVitamin's ghost
 11006 | D:9      | Found a staircase to the Lair.
 11174 | D:9      | Noticed a cyclops
 11185 | D:9      | Killed a cyclops
 11450 | D:9      | Reached XP level 11. HP: 68/84 MP: 16/16
 11494 | D:10     | Entered Level 10 of the Dungeon
 11594 | D:10     | Killed an unseen horror
 11637 | D:10     | Noticed a hill giant
 11644 | D:10     | Killed a hill giant
 11772 | D:10     | Noticed Mefis's ghost (journeyman DEWz)
 11786 | D:10     | Killed Mefis's ghost
 12016 | D:10     | Reached skill level 17 in Axes
 12236 | D:10     | Found Nuklacam's Armour Shop.
 12357 | D:11     | Noticed a hill giant
 12361 | D:11     | Killed a hill giant
 12661 | D:11     | Reached ****** piety under Beogh
 12998 | D:11     | Noticed a hill giant
 13003 | D:11     | Killed a hill giant
 13138 | Lair:1   | Entered Level 1 of the Lair of Beasts
 13212 | Lair:1   | Reached skill level 10 in Invocations
 13776 | Lair:1   | Identified a scroll of acquirement
 13863 | Lair:1   | Noticed an eight-headed hydra
 13867 | Lair:1   | Killed a nine-headed hydra
 13867 | Lair:1   | Reached XP level 12. HP: 76/91 MP: 19/19
 14519 | Lair:2   | Reached skill level 18 in Axes
 14551 | Lair:2   | Reached skill level 5 in Armour
 15041 | Lair:2   | HP: 4/91 [ice statue] (15)]
 15041 | Lair:2   | Killed from afar by an ice statue

Skill      XL: |  1  2  3  4  5  6  7  8  9 10 11 12 |
---------------+-------------------------------------+-----
Armour         | 1 2 3 5 |  5.4
Axes           | 5 6 8 9 11 13 15 16 17 18 | 18.1
Evocations     | 4 6 8 |  8.0
Invocations    | 3 7 10 11 | 11.4
Fighting       | 4 |  4.2
Dodging        | |  2.4
Stealth        | |  1.5

Action                   |  1- 3 |  4- 6 |  7- 9 | 10-12 || total
-------------------------+-------+-------+-------+-------++-------
Melee: Hand axe          |   119 |    47 |       |       ||   166
       War axe           |       |    76 |   213 |   126 ||   415
       Whip              |       |    64 |   239 |       ||   303
       Battleaxe         |       |       |       |   350 ||   350
Throw: Throwing net      |       |       |     1 |     1 ||     2
Invok: Convert to Beogh  |       |       |     1 |       ||     1
       Give Item to Name |       |       |       |     1 ||     1
       Recall Orcish Fol |       |       |       |     1 ||     1
       Stop Recall       |       |       |       |     1 ||     1
Evoke: Wand              |       |       |     9 |     2 ||    11
  Use: Scroll            |     4 |     1 |    11 |     6 ||    22
       Potion            |     1 |     2 |     2 |     4 ||     9
 Stab: Sleeping          |     5 |     1 |     2 |     1 ||     9
       Confused          |       |       |     5 |       ||     5
       Distracted        |       |       |     2 |     5 ||     7
  Eat: Chunk             |     3 |     7 |    17 |    20 ||    47
Armor: Robe              |    16 |       |       |       ||    16
       Skin              |    11 |       |       |       ||    11
       Ring mail         |     7 |    65 |   122 |       ||   194
       Scale mail        |       |       |    32 |   217 ||   249
Dodge: Dodged            |    72 |   101 |   186 |   213 ||   572
